 Dungeon Crawl Stone Soup version 0.29-a0-841-g116ddc6ace (webtiles) character file.

Game seed: 2677691254832101516

86 zishaf the Ruffian (level 4, -4/39 HPs)
             Began as a Ghoul Warper on July 14, 2022.
             Constricted to death by Ijyb (5 damage)
             ... on level 3 of the Dungeon.
             The game lasted 00:03:06 (2052 turns).

zishaf the Ruffian (Ghoul Warper)                   Turns: 2052, Time: 00:03:07

Health: -4/39      AC:  5    Str: 16    XL:     4   Next: 50%
Magic:  6/6        EV:  7    Int:  8    God:
Gold:   113        SH:  0    Dex:  8    Spells: 7/7 levels left

rFire   . . .      SeeInvis .     - Unarmed
rCold   + . .      Faith    .   (no shield)
rNeg    + + +      Spirit   .   n - +0 ring mail
rPois   ∞          Reflect  .   (no helmet)
rElec   .          Harm     .   (no cloak)
rCorr   .          Rampage  .   (no gloves)
Will    .....                   (no boots)
Stlth   ..........              (no amulet)
HPRegen 0.00/turn               (no ring)
MPRegen 0.10/turn               (no ring)

@: grasped by roots, inhibited regen, constricted
A: claws 1, cold resistance 1, negative energy resistance 3, inhibited
regeneration, torment resistance 2, devour on kill
a: no special abilities


You were on level 3 of the Dungeon.
You visited 1 branch of the dungeon, and saw 3 of its levels.

You collected 113 gold pieces.

Inventory:

Missiles
 c - 7 boomerangs of dispersal (quivered)
Armour
 n - a +0 ring mail (worn)
Jewellery
 g - a ring of fire
Scrolls
 a - a scroll of identify {unknown}
 b - a scroll of blinking
 d - a scroll of vulnerability {unknown}
 h - 2 scrolls of amnesia {unknown}
 j - a scroll of enchant armour {unknown}
 l - 2 scrolls of enchant weapon {unknown}
 o - a scroll of acquirement {unknown}
 p - a scroll of magic mapping {unknown}
 q - a scroll of noise {unknown}
Potions
 e - 2 potions of mutation {unknown}
 f - a potion of haste {unknown}
 i - 2 potions of heal wounds {unknown}
 k - a potion of brilliance {unknown}
 m - a potion of attraction {unknown}


   Skills:
 + Level 3.6 Fighting
 - Level 1.0 Throwing
 - Level 1.0 Armour
 - Level 2.0 Dodging
 + Level 3.7 Unarmed Combat
 - Level 2.0 Spellcasting
 - Level 2.6 Translocations


You had 7 spell levels left.
You didn't know any spells.
Your spell library contained the following spells:

 Spells                   Type           Power      Damage    Failure   Level
 Blink                    Tloc           10%        N/A       34%         2
 Gell's Gravitas          Tloc           5%         N/A       56%         3
 Lesser Beckoning         Tloc           5%         N/A       56%         3
 Teleport Other           Tloc           5%         N/A       56%         3
 Manifold Assault         Tloc           5%         N/A       99%         5


Dungeon Overview and Level Annotations

Branches:
Dungeon (3/15)

Altars:

Annotations:
D:3 Ijyb


Innate Abilities, Weirdness & Mutations

You are immune to poison.
You have sharp fingernails.
Your flesh is cold resistant. (rC+)
You are immune to negative energy. (rN+++)
You do not regenerate when monsters are visible.
You are immune to unholy pain and torment.
You thrive by killing the living.


Message History

Ijyb screams, "Me kill you!"
Found an escape hatch in the ceiling.
You barely miss Ijyb. Ijyb barely misses you. Ijyb attacks as you move away!
Ijyb closely misses you. Ijyb attacks as you move away!
Ijyb hits you with a +0 club.
You barely miss Ijyb.
Ijyb grins evilly.
Ijyb hits you with a +0 club.
You barely miss Ijyb. You barely miss Ijyb. Ijyb hits you with a +0 club.
You closely miss Ijyb. Ijyb hits you but does no damage.
You scratch Ijyb but do no damage. Ijyb hits you but does no damage.
You scratch Ijyb but do no damage. Ijyb hits you with a +0 club.
You claw Ijyb!
Ijyb is moderately wounded.
Ijyb hits you with a +0 club.
You barely miss Ijyb.
Ijyb is moderately wounded.
Ijyb hits you with a +0 club.
You scratch Ijyb. You claw Ijyb, but do no damage.
Ijyb is moderately wounded.
Ijyb hits you with a +0 club.
* * * LOW HITPOINT WARNING * * *
You scratch Ijyb.
Ijyb is heavily wounded.
Ijyb hits you with a +0 club.
* * * LOW HITPOINT WARNING * * *
You scratch Ijyb but do no damage.
Ijyb is heavily wounded.
Ijyb zaps a wand.
The roots erupt in riotous growth!
The grasping roots grab you!
Ijyb is unaffected.
The grasping roots constrict you.
* * * LOW HITPOINT WARNING * * *
You hear a shout! x2
You scratch Ijyb but do no damage.
Ijyb is heavily wounded.
Ijyb hits you with a +0 club.
* * * LOW HITPOINT WARNING * * *
The grasping roots constrict you.
You die...

. ####### #########.#
.#....... ..........#
#........ .#..<######
#$....... .....# #........
.#...##### #........
.#.......##########........
.#.#......)).....g.........
##.....#.##.....@#........<
#####.#.##....†.#.........
######.#.##......#.####.###
#....#.#.........#.# .#
#....#.#.##:.....#.# #
#....#.#########.#.#
.......# #.#.. #....#<# #.#
#....### .#


You could see Ijyb.

Vanquished Creatures
  3 adders (D:2)
  A worm (D:2)
  4 orcs
  4 bats
  5 endoplasms
  4 giant cockroaches
  2 goblins
  4 hobgoblins
  4 kobolds
  2 quokkas (D:2)
  4 ball pythons
  5 frilled lizards
  7 rats
49 creatures vanquished.

Notes
Turn   | Place    | Note
-------+----------+-------------------------------------------
     0 | D:1      | zishaf the Ghoul Warper began the quest for the Orb.
     0 | D:1      | Reached XP level 1. HP: 17/17 MP: 2/2
   309 | D:1      | Reached skill level 1 in Throwing
   309 | D:1      | Reached skill level 1 in Armour
   340 | D:1      | Reached XP level 2. HP: 25/25 MP: 3/3
   944 | D:2      | Reached XP level 3. HP: 22/30 MP: 5/5
  1277 | D:2      | Reached XP level 4. HP: 34/38 MP: 6/6
  1720 | D:2      | Found a faded altar of an unknown god.
  2033 | D:3      | Noticed Ijyb
  2052 | D:3      | HP: 1/39 [Ijyb/+0 club (4)]
  2052 | D:3      | Constricted to death by Ijyb

Illustrated notes

Levels and vault maps discovered:
D:1:      lemuel_arrival_broad_hall, layout_loops_ring
D:2:      layout_basic, shapermc_ecumenical_altar_notcrosses, minmay_quantized
D:3:      layout_basic, mainiacjoe_overflow_brackets, cheibrodos_worm_habitat,
          minitemple, kennysheep_generic_room_6, uniq_ijyb, uniq_grinder,
          uniq_terence

Skill      XL: |  1  2  3 |
---------------+----------+-----
Throwing       | 1 |  1.0
Armour         | 1 |  1.0
Spellcasting   | 2 |  2.0
Dodging        | 2 |  2.0
Fighting       | 3 |  3.6
Unarmed Combat | 3 |  3.7
Translocations | |  2.6

Action                   |  1- 3 |  4- 6 || total
-------------------------+-------+-------++-------
Melee: Unarmed           |   106 |    69 ||   175
       Punch             |       |     3 ||     3
Armor: Leather armour    |    24 |       ||    24
       Ring mail         |       |    12 ||    12
Dodge: Dodged            |    50 |    44 ||    94

Table legend: (Time is in decaauts)
 A = Elapsed time spent in this place.
 B = Non-inter-level travel time spent in this place.
 C = Inter-level travel time spent in this place.
 D = Time resting spent in this place.
 E = Time spent auto-exploring this place.
 F = Levels seen in this place.
 G = Mean time per level.
                   A        B        C        D        E       F      G
               +--------+--------+--------+--------+--------+-----+--------+
         Total |   2042 |   1979 |     63 |      0 |   1651 |   3 |  680.7 |
       Dungeon |   2042 |   1979 |     63 |      0 |   1651 |   3 |  680.7 |
               +--------+--------+--------+--------+--------+-----+--------+

Top non-repeatable levels by time:
     D:2: 1021 daAuts
     D:1: 900 daAuts
     D:3: 120 daAuts
